 Dungeon Crawl Stone Soup version 0.16-a0-3228-ge148b08 (webtiles) character file.

108 Miyamura the Charmwright (level 4, -7/30 HPs)
             Began as a High Elf Skald on Dec 21, 2014.
             Killed by nerve-wracking pain
             ... invoked by Grinder
              (10 damage)
             ... on level 3 of the Dungeon.
             The game lasted 00:09:57 (3239 turns).

Miyamura the Charmwright (High Elf Skald)           Turns: 3239, Time: 00:09:57

Health: -7/30      AC:  9    Str: 17    XL:     4   Next: 58%
Magic:  12/13      EV: 12    Int: 20    God:
Gold:   136        SH:  0    Dex: 15    Spells: 4 memorised, 2 levels left

rFire  + . .     SeeInvis .     a - +0 falchion
rCold  + . .     Rnd*Rage +     k - +3 leather armour
rNeg   . . .     SustAb   .     (no shield)
rPois  +         Gourm    .     b - +0 helmet
rElec  +         Spirit   .     (no cloak)
rCorr  +         Warding  .     j - +0 pair of gloves
rMut   .         Stasis   .     (no boots)
MR     .....                    (no amulet)
Stlth  +.........               (no ring)
                                (no ring)

@: mighty, brilliant, resistant, infused, not resistant to hostile enchantments,
very unstealthy
A: rugged brown scales 1, berserk 1, deterioration 1
a: no special abilities


You were on level 3 of the Dungeon.
You were not hungry.

You visited 1 branch of the dungeon, and saw 3 of its levels.

You collected 136 gold pieces.

Inventory:

Hand weapons
 a - a +0 falchion (weapon)
Armour
 b - a +0 helmet (worn)
 j - a +0 pair of gloves (worn)
 k - a +3 leather armour (worn)
 r - a +2 robe of magic resistance
Jewellery
 p - an uncursed ring of positive energy {unknown}
Scrolls
 o - a scroll of enchant weapon {unknown}
 q - a scroll of identify {unknown}
 s - a scroll of fear {unknown}
Books
 c - a book of Battle

   Spells                             Type                      Level
   a - Infusion                       Charms                       1
   b - Shroud of Golubria             Charms/Translocation         2
   c - Song of Slaying                Charms                       2
   d - Spectral Weapon                Hexes/Charms                 3
   e - Regeneration                   Charms/Necromancy            3
Comestibles
 d - 2 bread rations
 m - 2 meat rations


   Skills:
 + Level 2.6 Fighting
 + Level 3.1 Long Blades
 + Level 1.5 Armour
 + Level 2.5 Dodging
 + Level 3.5 Spellcasting
 - Level 3.7 Charms


You had 2 spell levels left.
You knew the following spells:

 Your Spells              Type           Power        Failure   Level  Hunger
a - Infusion              Chrm           ####..       1%          1    None
b - Regeneration          Chrm/Necr      ###.......   2%          3    ###....
c - Song of Slaying       Chrm           ####....     1%          2    ##.....
s - Shroud of Golubria    Chrm/Tloc      ###.......   1%          2    ##.....


Dungeon Overview and Level Annotations

Branches:
Dungeon (3/15)

Altars:

Annotations:
D:3 Grinder; hackum's ghost, average OpFi


Innate Abilities, Weirdness & Mutations

You are partially covered in rugged brown scales (AC +1, +3% HP).
You tend to lose your temper in combat.
Your body is slowly deteriorating.


Message History

Casting: Infusion
Confirm with . or Enter, or press ? or * to list all spells.
You begin infusing your attacks with magical energy.
Grinder hits you but does no damage.
You closely miss Grinder.
Grinder is moderately wounded.
Grinder hits you!
* * * LOW HITPOINT WARNING * * *
You writhe in agony.
* * * LOW HITPOINT WARNING * * *
You are too injured to fight recklessly!
You are too injured to fight recklessly!
You are too injured to fight recklessly!
Read which item? (? for menu, Esc to quit)
As you read the scroll labeled CAIPTU THUEMM, it crumbles to dust.
The creatures around you are filled with an inner flame!
It was a scroll of immolation.
Grinder gestures at you. Pain shoots through your body!
You die...

#+# #..[## #.....##
. #.......## ...
#.........####..>##.
+.....(...'@5.......
#.........####...##.
#.......## .#
##.....## ##...##
##'## #.#
#.###########
##.....>......


You could see Grinder (inner flame).

Vanquished Creatures
  Jessica (D:3)
  2 adders (D:2)
  3 worms
  2 giant geckos
  An ooze (D:1)
  7 bats
  6 hobgoblins
  6 jackals
  4 kobolds
  A giant cockroach (D:2)
  3 giant newts
  6 goblins
  12 rats
54 creatures vanquished.

Notes
Turn   | Place    | Note
--------------------------------------------------------------
     0 | D:1      | Miyamura, the High Elf Skald, began the quest for the Orb.
     0 | D:1      | Reached XP level 1. HP: 14/14 MP: 4/4
   175 | D:1      | Reached skill level 1 in Armour
   261 | D:1      | Reached XP level 2. HP: 13/19 MP: 6/6
  1051 | D:1      | Reached XP level 3. HP: 23/25 MP: 8/8
  1552 | D:2      | Learned a level 3 spell: Regeneration
  1555 | D:2      | Learned a level 2 spell: Song of Slaying
  2020 | D:2      | Reached XP level 4. HP: 30/30 MP: 6/12
  2213 | D:2      | Learned a level 2 spell: Shroud of Golubria
  2517 | D:3      | Noticed Jessica
  2528 | D:3      | Killed Jessica
  2600 | D:3      | Noticed hackum's ghost (average OpFi)
  3224 | D:3      | Noticed Grinder
  3228 | D:3      | Gained mutation: Your body is slowly deteriorating. [potion of mutation]
  3228 | D:3      | Gained mutation: You tend to lose your temper in combat. [potion of mutation]
  3228 | D:3      | Gained mutation: You are partially covered in rugged brown scales (AC +1, +3% HP). [potion of mutation]
  3239 | D:3      | Killed from afar by Grinder

Action                   |  1- 3 |  4- 6 || total
-------------------------+-------+-------++-------
Melee: Falchion          |   123 |    57 ||   180
 Cast: Infusion          |    10 |     3 ||    13
       Regeneration      |       |     2 ||     2
  Use: Potion            |       |     6 ||     6
       Scroll            |       |     1 ||     1
  Eat: Chunk             |     3 |     3 ||     6
       Pizza             |       |     1 ||     1
